 Dungeon Crawl Stone Soup version 0.30.0-19-g36f170ea60 (webtiles) character file.

Game seed: 10116234384956003566

998 bmack86 the Cleaver (level 8, -8/64 HPs)
             Began as a Minotaur Fighter on May 29, 2023.
             Mangled by Prince Ribbit (10 damage)
             ... on level 5 of the Dungeon.
             The game lasted 00:10:23 (3651 turns).

bmack86 the Cleaver (Minotaur Fighter)              Turns: 3651, Time: 00:10:23

Health: -8/64      AC:  9    Str: 24    XL:     8   Next: 0%
Magic:  7/7        EV:  9    Int:  5    God:
Gold:   171        SH:  4    Dex:  9    Spells: 7/7 levels left

rFire   . . .        E - +0 broad axe
rCold   . . .        c - +0 buckler
rNeg    . . .        b - +0 scale mail
rPois   .            (helmet restricted)
rElec   .            (no cloak)
rCorr   .            i - +1 pair of gloves
SInv    .            (no boots)
Will    .....        g - amulet of regeneration Stlth
                     (no ring)
HPRegen 1.10/turn    (no ring)
MPRegen 0.10/turn

%: no passive effects
@: no status effects
A: horns 2, retaliatory headbutt
a: no special abilities


You were on level 5 of the Dungeon.
You visited 1 branch of the dungeon, and saw 5 of its levels.
You also visited: Sewer.

You collected 222 gold pieces.
You spent 51 gold pieces at shops.

Inventory:

Hand Weapons
 a - a +0 war axe
 E - a +0 broad axe (weapon)
Missiles
 k - 5 javelins (quivered)
 B - a curare-tipped dart
Armour
 b - a +0 scale mail (worn)
 c - a +0 buckler (worn)
 i - a +1 pair of gloves (worn)
Jewellery
 g - an amulet of regeneration (around neck)
 w - a +6 ring of intelligence
 y - a ring of fire
Scrolls
 e - 2 scrolls of magic mapping {unknown}
 h - a scroll of amnesia {unknown}
 l - a scroll of butterflies {unknown}
 p - 3 scrolls of blinking
 r - 2 scrolls of enchant armour
 t - 2 scrolls of fog
 u - a scroll of noise {unknown}
 v - a scroll of enchant weapon {unknown}
 x - 4 scrolls of teleportation
 z - a scroll of fear {unknown}
Potions
 d - a potion of might
 f - a potion of lignification
 j - 2 potions of brilliance
 m - 3 potions of haste
 n - a potion of degeneration {unknown}
 o - 2 potions of curing
 q - a potion of attraction
 s - 2 potions of heal wounds {unknown}
 A - a potion of cancellation {unknown}
 C - a potion of mutation {unknown}
 D - a potion of invisibility {unknown}


   Skills:
 - Level 3.6 Fighting
 + Level 11.2 Axes
 - Level 3.6 Armour
 - Level 3.6 Shields


You had 7 spell levels left.
You didn't know any spells.
Your spell library contained the following spells:

 Spells                   Type           Power      Damage    Failure   Level
 Kiss of Death            Conj/Necr      0%         2d5       83%         1
 Magic Dart               Conj           0%         1d3       83%         1
 Searing Ray              Conj           0%         2d4       93%         2
 Confusing Touch          Hex            0%         N/A       99%         3
 Vhi's Electric Charge    Tloc/Air       0%         N/A       99%         3
 Dispel Undead            Necr           0%         3d6       100%        4
 Fulminant Prism          Conj/Hex       0%         3d5       100%        4
 Arcjolt                  Conj/Air       0%         1d10      100%        5
 Maxwell's Capacitive Co  Air            0%         ∞         100%        8


Dungeon Overview and Level Annotations

Branches:
Dungeon (5/15)              Sewer (visited)
 Temple: D:4-7

Altars:
Fedhas
Okawaru

Shops:
D:1 [   D:3 *

Annotations:
D:5 Grinder, Prince Ribbit


Innate Abilities, Weirdness & Mutations

You have a pair of horns on your head.
You reflexively headbutt those who attack you in melee.


Message History

Prince Ribbit is moderately wounded.
Prince Ribbit misses you. You furiously retaliate!
You headbutt Prince Ribbit! You barely miss Prince Ribbit.
Prince Ribbit is heavily wounded.
Prince Ribbit hits you!
You closely miss Prince Ribbit. Your headbutt misses Prince Ribbit.
Prince Ribbit is heavily wounded.
Prince Ribbit hits you! Prince Ribbit barely misses you.
You completely miss Prince Ribbit.
Prince Ribbit is heavily wounded.
Prince Ribbit croaks regally.
Prince Ribbit blinks!
You block Prince Ribbit's attack.
You barely miss Prince Ribbit.
Prince Ribbit is heavily wounded.
You block Prince Ribbit's attack.
Prince Ribbit blinks!
Prince Ribbit blinks!
Prince Ribbit blinks!
Prince Ribbit hits you.
You miss Prince Ribbit.
Prince Ribbit is heavily wounded.
Prince Ribbit hits you.
You closely miss Prince Ribbit. Your headbutt misses Prince Ribbit.
Prince Ribbit is heavily wounded.
Prince Ribbit hits you!
You closely miss Prince Ribbit.
Prince Ribbit is heavily wounded.
Prince Ribbit hits you!
* * * LOW HITPOINT WARNING * * *
Prince Ribbit closely misses you.
You barely miss Prince Ribbit. Your headbutt misses Prince Ribbit.
Prince Ribbit is heavily wounded.
Prince Ribbit croaks regally.
Prince Ribbit hits you!
* * * LOW HITPOINT WARNING * * *
You barely miss Prince Ribbit. Your headbutt misses Prince Ribbit.
Prince Ribbit is heavily wounded.
Prince Ribbit hits you!
* * * LOW HITPOINT WARNING * * *
Prince Ribbit hits you!
You die...

#...###..###.........
+.....#....'.>.......
#.....#....#.........
#.....#....#.........
#...###..###.........
#...###..#.....######
#........#.....#
#........#.....#
#..F@....#.....#
#.####..## #.# ..#
... .# ..... .+
....... #........
###+######


You could see Prince Ribbit.

Vanquished Creatures
  Pikel (D:4)
  A sky beast (D:4)
  A lemure (D:4)
  A kobold brigand (Sewer)
  A hound (D:4)
  An orc priest (D:3)
  2 orc wizards
  An iguana (D:4)
  6 gnolls
  5 adders
  5 river rats
  7 worms
  15 orcs
  4 bats
  6 endoplasms
  7 giant cockroaches
  9 goblins
  6 hobgoblins
  10 kobolds
  2 quokkas (D:1)
  9 ball pythons
  4 frilled lizards
  9 rats
113 creatures vanquished.

Notes
Turn   | Place    | Note
-------+----------+-------------------------------------------
     0 | D:1      | bmack86 the Minotaur Fighter began the quest for the Orb.
     0 | D:1      | Reached XP level 1. HP: 19/19 MP: 0/0
    76 | D:1      | Reached skill level 3 in Axes
   140 | D:1      | Reached XP level 2. HP: 26/26 MP: 1/1
   233 | D:1      | Found Wyroumnu's Armour Shop.
   853 | D:2      | Reached skill level 4 in Axes
   889 | D:2      | Reached XP level 3. HP: 23/31 MP: 2/2
  1066 | D:2      | Reached skill level 5 in Axes
  1093 | D:2      | Reached XP level 4. HP: 39/39 MP: 3/3
  1122 | D:2      | Found a faded altar of an unknown god.
  1614 | D:3      | Found Amishr Acwinn's Assorted Antiques.
  1623 | D:3      | Bought a scroll labelled FOUCSA PUNIC for 27 gold pieces
  1623 | D:3      | Bought a coppery potion for 24 gold pieces
  1879 | D:3      | Reached skill level 6 in Axes
  1973 | D:3      | Reached XP level 5. HP: 22/45 MP: 4/4
  2199 | D:3      | Reached skill level 7 in Axes
  2505 | D:4      | Noticed a sky beast
  2516 | D:4      | Killed a sky beast
  2517 | D:4      | Reached skill level 8 in Axes
  2517 | D:4      | Reached XP level 6. HP: 40/51 MP: 5/5
  2626 | D:4      | Found a glowing drain.
  2669 | Sewer    | Entered a sewer
  2816 | Sewer    | Reached skill level 9 in Axes
  3051 | D:4      | Reached XP level 7. HP: 44/57 MP: 6/6
  3336 | D:4      | Found an iron altar of Okawaru.
  3408 | D:4      | Found a blossoming altar of Fedhas.
  3410 | D:4      | Noticed Pikel
  3420 | D:4      | Killed Pikel
  3421 | D:4      | Reached skill level 11 in Axes
  3528 | D:4      | Reached XP level 8. HP: 64/64 MP: 7/7
  3560 | D:5      | Entered Level 5 of the Dungeon
  3605 | D:5      | Noticed Grinder
  3613 | D:5      | Paralysed by Grinder for 3 turns
  3628 | D:5      | Noticed Prince Ribbit
  3651 | D:5      | HP: 2/64 [Prince Ribbit (7)]
  3651 | D:5      | Mangled by Prince Ribbit

Illustrated notes

Levels and vault maps discovered:
D:1:      eino_arrival_cavern_a, layout_basic, serial_shops,
          nicolae_lakefront_shop
D:2:      layout_basic, shapermc_ecumenical_altar_mp_highgroup
D:3:      layout_loops_corners, serial_shops, shop
D:4:      layout_rooms, mainiacjoe_overflow_two_lobes, portal_sewer_entry_a,
          grunt_ministairs_5, uniq_pikel
D:5:      layout_gridville, mainiacjoe_overflow_24_doors,
          minmay_temple_entry_statues_fountains, nicolae_stop_n_shop_2,
          item_on_display_a, uniq_prince_ribbit1, uniq_grinder

Skill      XL: |  1  2  3  4  5  6  7 |
---------------+----------------------+-----
Axes           | 3 4 5 6 8 9 11 | 11.2
Fighting       | |  3.6
Armour         | |  3.6
Shields        | |  3.6

Action                     |  1- 3 |  4- 6 |  7- 9 || total
---------------------------+-------+-------+-------++-------
  Melee: War axe           |    55 |   196 |    41 ||   292
         Headbutt          |     8 |    25 |     5 ||    38
         Broad axe         |       |       |    25 ||    25
    Use: Scroll            |       |     5 |     5 ||    10
 Armour: Scale mail        |    31 |    91 |    26 ||   148
  Dodge: Dodged            |    35 |    56 |    23 ||   114
  Block: Buckler           |    10 |    30 |    15 ||    55
